 Dungeon Crawl Stone Soup version 0.28-a0-297-g99b01970c5 (webtiles) character file.

Game seed: 11711318475696158200

45 PentaManta the Cudgeller (level 3, -2/23 HPs)
             Began as a Gargoyle Monk on Aug 29, 2021.
             Slain by an orc (7 damage)
             ... on level 3 of the Dungeon.
             The game lasted 00:02:09 (2177 turns).

PentaManta the Cudgeller (Gargoyle Monk)            Turns: 2177, Time: 00:02:10

Health: -2/23      AC:  9    Str: 15    XL:     3   Next: 64%
Magic:  3/3        EV: 13    Int: 10    God:
Gold:   115        SH:  0    Dex: 12    Spells: 2/2 levels left

rFire   . . .      SeeInvis .   p - +0 whip (pain)
rCold   + . .      Faith    .   (no shield)
rNeg    + . .      Spirit   .   i - +0 scale mail
rPois   ∞          Reflect  .   (no helmet)
rElec   +          Harm     .   (no cloak)
rCorr   .          Rampage  .   (no gloves)
Will    .....                   (no boots)
Stlth   +.........              (no amulet)
HPRegen 0.07/turn               m - +4 ring of evasion
MPRegen 0.08/turn               g - ring of protection from cold

@: no status effects
A: sickness immunity, AC +3, negative energy resistance 1, electricity
resistance, torment resistance 1, petrification resistance
a: no special abilities


You were on level 3 of the Dungeon.
You visited 1 branch of the dungeon, and saw 3 of its levels.

You collected 115 gold pieces.

Inventory:

Hand Weapons
 a - a +0 mace
 p - a +0 whip of pain (weapon)
Missiles
 h - 35 poisoned darts (quivered)
Armour
 b - a +0 robe
 f - a +0 ring mail
 i - a +0 scale mail (worn)
 k - a +0 ring mail of cold resistance
Jewellery
 g - a ring of protection from cold (right hand)
 m - a +4 ring of evasion (left hand)
Scrolls
 c - a scroll of blinking {unknown}
 d - 2 scrolls of teleportation {unknown}
 e - 2 scrolls of amnesia {unknown}
 l - a scroll of enchant armour {unknown}
 n - a scroll of noise {unknown}
 o - a scroll of magic mapping {unknown}


   Skills:
 - Level 3.2 Fighting
 + Level 4.5 Maces & Flails
 - Level 2.4 Dodging
 - Level 2.1 Stealth


You had 2 spell levels left.
You didn't know any spells.
Your spell library contained the following spells:

 Spells                   Type           Power      Damage    Failure   Level
 Apportation              Tloc           0%         N/A       85%         1
 Alistair's Intoxication  Tmut/Pois      0%         N/A       100%        5
 Invisibility             Hex            0%         N/A       100%        6


Dungeon Overview and Level Annotations

Branches:
Dungeon (3/15)

Altars:
Vehumet


Innate Abilities, Weirdness & Mutations

You are immune to sickness and miasma.
Your stone body is resilient. (AC +3)
You are immune to poison.
You resist negative energy. (rN+)
You are resistant to electric shocks. (rElec)
You are resistant to unholy torment.
You are immune to petrification.


Message History

The orc is severely wounded.
The orc hits you but does no damage. The orc closely misses you.
You hit the orc.
The orc is almost dead.
The orc hits you but does no damage. The orc completely misses you.
You hit the orc.
You kill the orc!
The orc closely misses you.
Things that are here:
a +0 dagger; a jackal corpse You hit the orc.
The orc is moderately wounded.
The orc hits you with a +0 trident.
You barely miss the orc.
The orc is moderately wounded.
The orc hits you with a +0 trident!
You hit the orc but do no damage.
The orc is moderately wounded.
The orc barely misses you.
You hit the orc.
The orc is heavily wounded.
The orc misses you.
You hit the orc.
You kill the orc!
You hit the orc.
The orc is heavily wounded.
The orc hits you with a +0 hand axe.
You hit the orc.
The orc is almost dead.
The orc hits you but does no damage.
You closely miss the orc.
The orc is almost dead.
The orc hits you but does no damage.
You hit the orc.
You kill the orc!
Your scale mail prevents you from hitting the orc.
The orc hits you with a +0 flail.
* * * LOW HITPOINT WARNING * * *
You hit the orc but do no damage. The orc hits you with a +0 flail!
You die...

.#.......#
.#.......#
.#.......#
.#.......#
.#.......#
.#(......#
.#.......###########
##..............@o.#
#........#########.#
#........# ...
#....###.# o....
#....# #.# .......
#....# #.# ......#
#....# #.# ......#
#....# #.# o.....#
###### #.#


You could see an orc.

Vanquished Creatures
  3 dart slugs
  3 orcs (D:3)
  3 endoplasms (D:1)
  3 giant cockroaches
  3 goblins
  3 hobgoblins
  2 jackals (D:3)
  A quokka (D:1)
  3 ball pythons
  A bat (D:2)
  2 frilled lizards
  4 kobolds
  A rat (D:2)
32 creatures vanquished.

Notes
Turn   | Place    | Note
-------+----------+-------------------------------------------
     0 | D:1      | PentaManta the Gargoyle Monk began the quest for the Orb.
     0 | D:1      | Reached XP level 1. HP: 14/14 MP: 1/1
   192 | D:1      | Reached XP level 2. HP: 10/19 MP: 2/2
   883 | D:1      | Reached skill level 4 in Maces & Flails
  1289 | D:2      | Reached XP level 3. HP: 20/23 MP: 3/3
  1348 | D:2      | Found a faded altar of an unknown god.
  2127 | D:3      | Found a radiant altar of Vehumet.
  2177 | D:3      | Slain by an orc

Illustrated notes

Levels and vault maps discovered:
D:1:      sevenhm_arrival_forest_fort_large_2, layout_loops_ring,
          minmay_pentomino_s4
D:2:      layout_loops_corners, basic_ecumenical_altar
D:3:      layout_basic, nicolae_dithmenos_through_a_glass_darkly,
          mainiacjoe_overflow_alcove_4, uniq_robin, uniq_natasha,
          uniq_crazy_yiuf_cottage

Skill      XL: |  1  2 |
---------------+-------+-----
Maces & Flails | 4 |  4.5
Fighting       | |  3.2
Dodging        | |  2.4
Stealth        | |  2.1

Action                   || total
-------------------------++-------
Melee: Mace              ||    73
       Whip              ||    27
 Stab: Sleeping          ||     1
Armor: Ring mail         ||     3
       Robe              ||     2
       Scale mail        ||    33
Dodge: Dodged            ||    50

Table legend: (Time is in decaauts)
 A = Elapsed time spent in this place.
 B = Non-inter-level travel time spent in this place.
 C = Inter-level travel time spent in this place.
 D = Time resting spent in this place.
 E = Time spent auto-exploring this place.
 F = Levels seen in this place.
 G = Mean time per level.
                   A        B        C        D        E       F      G
               +--------+--------+--------+--------+--------+-----+--------+
         Total |   2186 |   2035 |    151 |    230 |   1520 |   3 |  728.7 |
       Dungeon |   2186 |   2035 |    151 |    230 |   1520 |   3 |  728.7 |
               +--------+--------+--------+--------+--------+-----+--------+

Top non-repeatable levels by time:
     D:1: 1110 daAuts
     D:2: 987 daAuts
     D:3: 89 daAuts
